 Dungeon Crawl Stone Soup version 0.24.0-123-gd5b16e6ec5 (webtiles) character file.

Game seed: 3274751322644575320, levelgen mode: deterministic

42 Legadrian the Insei (level 3, 0/26 HPs)
             Began as a Human Transmuter on Feb 11, 2020.
             Slain by a jackal (1 damage)
             ... on level 3 of the Dungeon.
             The game lasted 00:04:18 (1694 turns).

Legadrian the Insei (Human Transmuter)              Turns: 1694, Time: 00:04:19

Health: 0/26       AC:  2    Str: 10    XL:     3   Next: 80%
Magic:  2/6        EV: 13    Int: 14    God:
Gold:   91         SH:  0    Dex: 13    Spells: 0/6 levels left

rFire    . . .     SeeInvis .   o - +0 dagger
rCold    . . .     Gourm    .   (no shield)
rNeg     . . .     Faith    .   b - +0 robe
rPois    .         Spirit   .   (no helmet)
rElec    .         Reflect  .   (no cloak)
rCorr    .         Harm     .   (no gloves)
MR       .....                  (no boots)
Stlth    +.........             (no amulet)
HPRegen  0.08/turn              (no ring)
MPRegen  0.10/turn              (no ring)

@: appendage (expiring), very slightly contaminated
A: horns 2
a: End Transformation


You were on level 3 of the Dungeon.
You were very hungry.
You had grown temporary horns.
You visited 1 branch of the dungeon, and saw 3 of its levels.

You collected 91 gold pieces.

Inventory:

Hand Weapons
 o - a +0 dagger (weapon)
Missiles
 a - 11 arrows
 f - 29 bolts
Armour
 b - a +0 robe (worn)
Jewellery
 h - an uncursed ring of fire {unknown}
 i - a +5 ring of strength {unknown}
Scrolls
 g - a scroll of remove curse {unknown}
 j - a scroll of noise {unknown}
 k - 2 scrolls of identify {unknown}
 l - a scroll of random uselessness {unknown}
 m - a scroll of amnesia {unknown}
Potions
 c - a potion of agility {unknown}
 e - a potion of berserk rage {unknown}
Comestibles
 d - 4 rations


   Skills:
 * Level 1.5 Fighting
 + Level 2.5 Dodging
 + Level 0.2 Stealth
 - Level 3.2 Unarmed Combat
 + Level 2.3 Spellcasting
 + Level 2.4 Transmutations


You couldn't memorise any spells.
You knew the following spells:

 Your Spells              Type           Power        Failure   Level  Hunger
a - Beastly Appendage     Tmut           #.....       9%          1    #......
b - Sticks to Snakes      Tmut           #.......     13%         2    ###....
c - Spider Form           Tmut/Pois      #.........   38%         3    ###....

Your spell library contained the following spells:

 Spells                   Type           Power        Failure   Level  Hunger
 Ice Form                 Ice/Tmut       #.......     80%         4    #####..
 Blade Hands              Tmut           #.........   93%         5    ######.


Dungeon Overview and Level Annotations

Branches:
Dungeon (3/15)

Altars:


Innate Abilities, Weirdness & Mutations

You have a pair of horns on your head.


Message History

You hit the orc. You headbutt the orc.
You kill the orc!
You are feeling very hungry.
You barely miss the giant cockroach.
Your headbutt misses the giant cockroach.
The giant cockroach barely misses you. x2
You barely miss the giant cockroach. You headbutt the giant cockroach.
The giant cockroach is moderately wounded.
The giant cockroach barely misses you.
You barely miss the giant cockroach. You headbutt the giant cockroach.
You kill the giant cockroach!
Your transformation is almost over.
The jackal barely misses you.
You hit the jackal. Your headbutt misses the jackal.
The jackal is heavily wounded.
The jackal closely misses you.
You barely miss the jackal.
The jackal is heavily wounded.
The jackal bites you.
You die...

#.#######....###.
.......>+........
........#........
........'.....#
#..#.....#
##.<.....#
#..##+#.#
..#.#####..##.#
.......@h.....#
###.#####...###
##..# #!.# ...#
#.# .. #.


You could see a jackal.

Vanquished Creatures
  2 adders (D:2)
  An orc (D:3)
  A bat (D:2)
  2 giant cockroaches
  2 goblins
  4 hobgoblins
  5 jackals
  A ball python (D:2)
  A frilled lizard (D:2)
  A kobold (D:2)
  A rat (D:2)
21 creatures vanquished.

Notes
Turn   | Place    | Note
-------+----------+-------------------------------------------
     0 | D:1      | Legadrian the Human Transmuter began the quest for the Orb.
     0 | D:1      | Reached XP level 1. HP: 15/15 MP: 3/3
   310 | D:2      | Reached XP level 2. HP: 21/21 MP: 3/5
   605 | D:2      | Learned a level 2 spell: Sticks to Snakes
   785 | D:2      | Reached XP level 3. HP: 22/26 MP: 0/6
   893 | D:2      | Learned a level 3 spell: Spider Form
  1688 | D:3      | HP: 1/26 [orc/+0 club (2)]
  1694 | D:3      | Slain by a jackal

Levels and vault maps discovered:
D:1:      dpeg_arrival_tiny_i, layout_loops_ring, st_stairs_7, minivault_24,
          minmay_unequal
D:2:      layout_basic, kennysheep_generic_room_15
D:3:      layout_basic

Action                   || total
-------------------------++-------
Melee: Unarmed           ||    58
       Kick              ||     6
       Punch             ||     1
       Headbutt          ||     6
       Dagger            ||    32
 Cast: Beastly Appendage ||    12
       Sticks to Snakes  ||     1
 Stab: Sleeping          ||     1
  Eat: Chunk             ||     2
Armor: Robe              ||    16
Dodge: Dodged            ||    76
